 Dungeon Crawl Stone Soup version 0.17-a0-2108-g65e8068 (webtiles) character file.

28 Ishikawa the Magician (level 2, -1/21 HPs)
             Began as a Mummy Wizard on Oct 19, 2015.
             Slain by a jackal (2 damage)
             ... on level 2 of the Dungeon.
             The game lasted 00:04:32 (863 turns).

Ishikawa the Magician (Mummy Wizard)                 Turns: 863, Time: 00:04:32

Health: -1/21      AC:  2    Str: 10    XL:     2   Next: 96%
Magic:  2/6        EV: 12    Int: 17    God:
Gold:   68         SH:  0    Dex: 10    Spells: 2 memorised, 4 levels left

rFire  x . .     SeeInvis .     l - +0 whip (freeze)
rCold  + . .     Clarity  .     a - +0 robe
rNeg   + + +     SustAt   .     (no shield)
rPois  ∞         Gourm    .     b - +0 hat
rElec  .         Spirit   .     (no cloak)
rCorr  .         Warding  .     (no gloves)
rMut   .         Stasis   .     (no boots)
MR     .....                    (no amulet)
Stlth  ++........               (no ring)
                                (no ring)

@: not resistant to hostile enchantments, unstealthy
A: no food or potions, fire vulnerability, cold resistance 1, negative energy
resistance 3, torment resistance, unbreathing
a: no special abilities


You were on level 2 of the Dungeon.
You were not hungry.

You visited 1 branch of the dungeon, and saw 2 of its levels.

You collected 68 gold pieces.

Inventory:

Hand Weapons
 l - a +0 whip of freezing (weapon)
Armour
 a - a +0 robe (worn)
 b - a +0 hat (worn)
Jewellery
 f - an uncursed ring of stealth {unknown}
Scrolls
 d - 2 scrolls of identify {unknown}
 e - a scroll of amnesia {unknown}
 g - a scroll of random uselessness {unknown}
 h - a scroll of teleportation {unknown}
 i - a scroll of enchant armour {unknown}
 k - a scroll of blinking {unknown}
Books
 c - a book of Minor Magic

   Spells                             Type                      Level
   a - Magic Dart                     Conjuration                  1
   b - Blink                          Translocation                2
   c - Call Imp                       Summoning                    2
   d - Repel Missiles                 Charms/Air                   2
   e - Slow                           Hexes                        2
   f - Conjure Flame                  Conjuration/Fire             3
   g - Mephitic Cloud                 Conjuration/Poison/Air       3


   Skills:
 + Level 1.0 Fighting
 - Level 1.5 Dodging
 - Level 1.5 Stealth
 + Level 3.3 Spellcasting
 + Level 1.4 Conjurations
 + Level 1.1 Summonings
   Level 0.7 Translocations


You had 4 spell levels left.
You knew the following spells:

 Your Spells              Type           Power        Failure   Level  Hunger
a - Magic Dart            Conj           #...         12%         1    N/A
b - Call Imp              Summ           #.......     21%         2    N/A

Dungeon Overview and Level Annotations

Branches:
Dungeon (2/15)

Altars:


Innate Abilities, Weirdness & Mutations

You do not eat or drink.
Your flesh is vulnerable to fire.
You are immune to poison.
Your flesh is cold resistant.
You are immune to negative energy.
You are immune to unholy pain and torment.
You can survive without breathing.


Message History

w - Wait here. f - Follow me.
Anything else - Stay silent.
Gang up on whom?
Press: ? - help, Dir - move target cursor, f - jackal
Aim: a jackal Attack!
You hear a shout! x2
The jackal bites you.
* * * LOW HITPOINT WARNING * * *
The bat closely misses you.
Your shadow imp barely misses the jackal.
The jackal bites you but does no damage.
Your crimson imp hits the bat.
You hit the jackal but do no damage. The bat closely misses you.
The jackal bites you.
* * * LOW HITPOINT WARNING * * *
Your shadow imp barely misses the jackal.
You completely miss the jackal. The bat closely misses your shadow imp.
The jackal bites you.
You die...

#########.
##!........
#..........
#..........
######.........#
........5......#
#.@h5b....#
###......#
######## # ..#
#..


You could see a jackal, a bat, a friendly crimson imp and a friendly shadow imp.

Vanquished Creatures
  An ooze (D:1)
  2 giant cockroaches (D:1)
  3 hobgoblins (D:1)
  A jackal (D:2)
  4 kobolds
  A quokka (D:2)
  4 bats
  4 giant newts
  7 rats
27 creatures vanquished.

Notes
Turn   | Place    | Note
--------------------------------------------------------------
     0 | D:1      | Ishikawa the Mummy Wizard began the quest for the Orb.
     0 | D:1      | Reached XP level 1. HP: 13/13 MP: 4/4
   102 | D:1      | Reached skill level 1 in Conjurations
   175 | D:1      | Reached XP level 2. HP: 20/20 MP: 1/6
   179 | D:1      | Learned a level 2 spell: Call Imp
   315 | D:1      | Reached skill level 1 in Summonings
   732 | D:1      | Reached skill level 1 in Fighting
   862 | D:2      | HP: 1/21 [jackal (1)]
   863 | D:2      | Slain by a jackal

Vault maps used:
D:1:      dpeg_arrival_short_road
D:2:      grunt_gozag_statues, lemuel_blue_sif_altar, old_standard_altar,
          first_bread

Action                   || total
-------------------------++-------
Melee: Unarmed           ||     3
       Whip              ||    53
       Club              ||    16
 Cast: Magic Dart        ||    41
       Call Imp          ||     2
